 Dungeon Crawl Stone Soup version 0.23-a0-175-g97aacdb306 (webtiles) character file.

0 Manul the Ducker (level 1, 0/11 HPs)
             Began as a Spriggan Abyssal Knight on Sept 16, 2018.
             Was a Follower of Lugonu.
             Slain by an ufetubus (4 damage)
             ... on level 2 of the Abyss.
             The game lasted 00:01:09 (393 turns).

Manul the Ducker (Spriggan Abyssal Knight)           Turns: 393, Time: 00:01:10

Health: 0/11       AC:  2    Str:  8    XL:     1   Next: 0%
Magic:  3/3        EV: 18    Int: 13    God:    Lugonu [*.....]
Gold:   48         SH:  0    Dex: 15    Spells: 0/0 levels left

rFire    . . .     SeeInvis +   a - +1 short sword
rCold    . . .     Gourm    .   (shield restricted)
rNeg     . . .     Faith    .   b - +0 robe
rPois    .         Spirit   .   (helmet restricted)
rElec    .         Reflect  .   (no cloak)
rCorr    .         Harm     .   (gloves unavailable)
MR       .....                  (boots unavailable)
Stlth    +.........             (no amulet)
HPRegen  0.03/turn              (no ring)
MPRegen  0.08/turn              (no ring)

@: slow
A: very small, unfitting armour, see invisible, herbivore, speed 3, slow
metabolism 2
a: Depart the Abyss, Renounce Religion


You were on level 2 of the Abyss.
You worshipped Lugonu.
Lugonu was aware of your devotion.
You were not hungry.

You visited 0 branches of the dungeon, and saw 0 of its levels.
You visited the Abyss 1 time.

You collected 48 gold pieces.

Inventory:

Hand Weapons
 a - a +1 short sword (weapon)
Armour
 b - a +0 robe (worn)
Wands
 e - a wand of polymorph (6)
Comestibles
 c - a ration


   Skills:
 + Level 2.4 Fighting
 + Level 2.1 Short Blades
 + Level 3.5 Dodging
 + Level 1.7 Invocations


You couldn't memorise any spells.
You didn't know any spells.
Your spell library was empty.

Dungeon Overview and Level Annotations

Branches:
Dungeon (0/15)

Altars:


Innate Abilities, Weirdness & Mutations

You are very small and have problems with some larger weapons.
You are too small for most types of armour.
You have supernaturally acute eyesight. (SInv)
You are a herbivore.
You cover ground extremely quickly.
You need to consume almost no food.


Message History

The thrashing horror closely misses you.
Evoke which item? (* to show all) (? for menu, Esc to quit)
Aiming: Polymorph
Press: ? - help, Shift-Dir - straight line, f/p - thrashing horror
Aim: a thrashing horror (chance to defeat MR: 15%)
The thrashing horror is unaffected.
The thrashing horror closely misses you.
The thrashing horror barely misses you. The ufetubus barely misses you.
The ufetubus closely misses you.
A lurking horror comes into view.
Number of times to repeat, then command key: You must enter the number of times for the command to repeat.
Why would you want to do that? The ufetubus barely misses you. x2
The lurking horror explodes!
Your body is wracked with pain!
You enter the shallow water.
Moving in this stuff is going to be slow.
The ufetubus hits you.
You die...

. ≈≈≈ #
#.##..#..#...# .
..##≈≈
.###...#X.#.#.#..# .
#≈≈≈##.#.## ....# #
# .≈≈≈#..#.#.#..#.#
. #
....♣≈≈##..##.....##
. #.
#.≈≈≈≈........###.
... #.≈≈♣#...##§.
...### .
#..#≈≈≈##X#. ##..#..
# #. #≈≈≈@5.# #.##..
. . #..≈≈≈#.# #.###
. .# ...#..≈≈≈## #.#
.... . . #...≈≈≈≈ .#
. .# #....≈♣≈. .
#....≈≈≈≈. #. . .
#####.≈≈≈≈# . .#
..#. ≈≈# . . .## #≈
. .


You could see a thrashing horror and an ufetubus.

Vanquished Creatures (others)
  A lurking horror (Abyss:2)
1 creature vanquished.

Notes
Turn   | Place    | Note
-------+----------+-------------------------------------------
     0 | Abyss:1  | Manul the Spriggan Abyssal Knight began the quest for the
                  | Orb.
     0 | Abyss:1  | Reached XP level 1. HP: 11/11 MP: 3/3
   113 | Abyss:1  | Found a corrupted altar of Lugonu.
   166 | Abyss:1  | Noticed a chaos spawn
   253 | Abyss:1  | Noticed a small abomination
   257 | Abyss:1  | Noticed a worldbinder
   267 | Abyss:1  | Noticed an ancient lich
   270 | Abyss:1  | Noticed a golden eye
   274 | Abyss:2  | Found a corrupted altar of Lugonu.
   318 | Abyss:2  | Noticed a wraith
   321 | Abyss:2  | Found a corrupted altar of Lugonu.
   366 | Abyss:2  | Found a corrupted altar of Lugonu.
   367 | Abyss:2  | Noticed an efreet
   373 | Abyss:2  | Noticed a thrashing horror
   393 | Abyss:2  | Slain by an ufetubus

Vault maps used:

Action                   || total
-------------------------++-------
Evoke: Wand              ||     2
  Use: Scroll            ||     2
Dodge: Dodged            ||     9

Table legend:
 A = Non-vault XP
 B = Vault XP
 C = Vault XP percentage of total XP
 D = Non-vault monster count
 E = Vault monster count
 F = Vault count percentage of total count
                 A         B        C        D         E       F
            +---------+---------+-------+---------+---------+-------
      Total |       0 |       0 |   N/A |       0 |       0 |  -nan
            +---------+---------+-------+---------+---------+-------
            +---------+---------+-------+---------+---------+-------
